AoeStats
← Kiritastrich

Nomad

503600429Analyzed
1v1 RM · 1mo ago on Sep 1, 2026· 29m 2s· 2 players
Game mode
Random Map
Map size
126×126
Population
200
Speed
Normal
Resources
Standard
Victory
Conquest
Starting age
Dark Age
Ending age
Imperial Age
RankedLock teamsTeams togetherTeam positionsShared explorationLock speedFull tech treeHidden civsTurbo modeCheats
Victory
Defeat
🇩🇪 Vietnamese · Germany
1981
+12
🇷🇺 Italians · Russia
1885
-12
Kiritastrich
4:45 Loom
15:50 Feudal Age
17:30 Double-Bit Axe
17:29 Fishing Lines
20:20 Castle Age
18:26 Scale Barding Armor
19:21 Forging
19:34 Bloodlines
21:50 Iron Casting
21:31 Medium Warships
20:57 Light Cavalry
22:44 Gillnets
23:06 Demolition Ship
30:48 Imperial Age
Vanilladonut
15:05 Feudal Age
16:02 Double-Bit Axe
16:16 Gold Mining
18:53 Castle Age
17:01 Fishing Lines
17:21 Stone Mining
19:13 Town Watch
19:15 Loom
20:07 Medium Warships
19:47 Gillnets
20:36 Bow Saw
21:25 Fletching
23:17 Forging
24:20 Bodkin Arrow
28:56 Imperial Age
28:05 Stone Shaft Mining
28:52 Ballistics
29:22 Wheelbarrow
29:39 Bracer
Connection lost

Rejoining the realm…

Still unreachable

The connection could not be restored.

Session expired

The server has moved on; the page needs a fresh start.